 Dungeon Sprint DCSS version 0.21.1-1-g345015f (webtiles) character file.

7134 wilfster70 the Stickfighter (level 11, -4/80 HPs)
             Began as a Gargoyle Monk on June 6, 2018.
             Was an Elder of Ru.
             Killed by divine providence
             ... invoked by an orc high priest
              (12 damage)
             ... in the Dungeon (Sprint IX: "|||||||||||||||||||||||||||||").
             The game lasted 00:09:19 (1959 turns).

wilfster70 the Stickfighter (Gargoyle Monk)         Turns: 1959, Time: 00:09:19

Health: -4/80      AC: 22    Str: 18    XL:     11   Next: 10%
Magic:  11/11      EV: 17    Int: 14    God:    Ru [****..]
Gold:   721        SH:  0    Dex: 12    Spells: 10/10 levels left

rFire    . . .     SeeInvis .   o - +4 quarterstaff (speed)
rCold    . . .     Gourm    .   (shield currently unavailable)
rNeg     + . .     Faith    .   r - +2 ring mail
rPois    ∞         Spirit   .   y - +0 helmet
rElec    +         Reflect  .   q - +0 cloak
rCorr    .         Harm     .   p - +0 pair of gloves
MR       .....     NoTele   +   x - +0 pair of boots
Stlth    ++........             (no amulet)
HPRegen  0.23/turn              b - +3 ring of strength
MPRegen  0.12/turn              j - +2 ring of protection

@: exhausted, corroded
A: negative energy resistance 1, electricity resistance, unbreathing,
petrification resistance, rot immunity, inability to use devices, inexperienced
1, AC +8
a: Draw Out Power, Power Leap, Renounce Religion


You were in the Dungeon.
You worshipped Ru.
Ru was greatly pleased with you.
You were hungry.

You visited 1 branch You collected 721 gold pieces.

Inventory:

Hand Weapons
 a - a +0 spear
 n - a +2 dire flail of holy wrath
 o - a +4 quarterstaff of speed (weapon)
Armour
 p - a +0 pair of gloves (worn)
 q - a +0 cloak (worn)
 r - a +2 ring mail (worn)
 x - a +0 pair of boots (worn)
 y - a +0 helmet (worn)
Magical Staves
 m - an uncursed staff of energy
Jewellery
 b - a +3 ring of strength (left hand)
 j - a +2 ring of protection (right hand)
Scrolls
 i - 5 scrolls of blinking
 k - 3 scrolls of remove curse
 l - 2 scrolls of amnesia
 u - a scroll of fog
 v - a scroll of fear
Potions
 d - 8 potions of curing
 e - a potion of invisibility
 f - a potion of haste
 g - 4 potions of magic
 h - a potion of heal wounds
 s - a potion of brilliance
 t - a potion of berserk rage
 z - a potion of resistance
Comestibles
 c - 13 rations
 w - a chunk of flesh


   Skills:
 + Level 14.6 Fighting
 - Level 4.9(11.6) Polearms
 * Level 16.9(17.2) Staves
 + Level 13.5 Armour
 + Level 11.6 Dodging
 - Level 5.7 Stealth


You had 10 spell levels left.
You didn't know any spells.

Dungeon Overview and Level Annotations

Branches:
Dungeon (1/1)

Altars:
Cheibriados
Dithmenos
Elyvilon
Fedhas
Gozag
Hepliaklqana
Kikubaaqudgha
Makhleb
Nemelex Xobeh
Okawaru
Qazlal
Ru
Sif Muna
Trog
Uskayaw
Vehumet
Wu Jian
Xom
Yredelemnul
Zin
The Shining One
Beogh
Jiyva
Lugonu

Shops:
D !*


Innate Abilities, Weirdness & Mutations

You are resistant to torment.
Your stone body is resilient. (AC +8)
You are immune to poison.
You resist negative energy. (rN+)
You are resistant to electric shocks. (rElec)
You can survive without breathing.
You are immune to petrification.
You are immune to rotting.
You cannot study or use magical devices.
You are somewhat inexperienced. (-2 XL)


Message History

The rust devil is severely wounded.
The rust devil barely misses you. The red devil misses you.
You sock the rust devil!
You kill the rust devil!
The red devil hits you but does no damage.
Items here: $ )) [ a long sword of electrocution; a plate armour; a hand axe; 100 gold pieces You hit the red devil but do no damage.
The orc high priest utters an invocation to Beogh.
The orc high priest begins to pray, but is stunned by your will!
You hit the red devil but do no damage.
The red devil hits you but does no damage.
You closely miss the red devil. You hit the red devil but do no damage.
You hit the red devil but do no damage. The red devil barely misses you.
You bludgeon the red devil!!
The red devil is severely wounded.
The orc high priest invokes the aid of Beogh against you.
Beogh smites you!
You die...

'.....÷†...[.)/..'_______________
▓▓▓▓▓▓▓▓▓▓▓▓▓▓▓▓▓▓▓▓▓▓▓▓▓▓▓▓▓▓▓▓▓
.................................
▓▓▓▓▓▓▓▓▓▓▓▓▓▓▓▓▓▓▓▓▓▓▓▓▓▓▓▓▓▓▓▓▓
[...'.[.........††......÷†.'.....
▓▓▓▓▓▓▓▓▓▓▓▓▓▓▓▓▓▓▓▓▓▓▓▓▓▓▓▓▓▓▓▓▓
...........).....................
▓▓▓▓▓▓▓▓▓▓▓▓▓▓▓▓▓▓▓▓▓▓▓▓▓▓▓▓▓▓▓▓▓
.444oo4@)')..)))))))))'.
▓▓▓▓▓▓▓▓▓▓▓▓▓▓▓▓▓▓▓▓▓▓▓▓


You could see 2 orc high priests, an orange demon, an ice devil, a rust devil
and a red devil.

Vanquished Creatures
  Josephine (D)
  2 hydras (D)
  2 death yaks (D)
  5 orc high priests (D)
  3 orc knights (D)
  3 komodo dragons (D)
  A troll (D)
  A tyrant leech (D)
  A blink frog (D)
  2 hippogriffs (D)
  3 wraiths (D)
  A vampire mosquito (D)
  2 water moccasins (D)
  An ice beast (D)
  A sky beast (D)
  12 orc warriors (D)
  An ogre (D)
  A centaur (D)
  4 crocodiles (D)
  9 bullfrogs (D)
  A howler monkey (D)
  A crimson imp (D)
  A hound (D)
  3 orc wizards (D)
  2 worker ants (D)
  A gnoll (D)
  A dart slug (D)
  10 orcs (D)
  A bat skeleton (D)
  A goblin (D)
  A hobgoblin (D)
  A jackal (D)
  A quokka (D)
  A bat (D)
  A rat (D)
83 creatures vanquished.

Vanquished Creatures (others)
  A bullfrog (D)
1 creature vanquished.

Grand Total: 84 creatures vanquished

Notes
Turn   | Place    | Note
-------+----------+-------------------------------------------
     0 | D        | wilfster70 the Gargoyle Monk began the quest for the Orb.
     0 | D        | Reached XP level 1. HP: 14/14 MP: 1/1
    23 | D        | Reached XP level 2. HP: 20/20 MP: 2/2
    30 | D        | Noticed a centaur
    48 | D        | Killed a centaur
    48 | D        | Reached skill level 5 in Fighting
    48 | D        | Reached skill level 5 in Stealth
    48 | D        | Reached XP level 3. HP: 22/27 MP: 3/3
    48 | D        | Reached XP level 4. HP: 26/32 MP: 4/4
   200 | D        | Found a roughly hewn altar of Beogh.
   200 | D        | Found a snail-covered altar of Cheibriados.
   200 | D        | Found a shadowy altar of Dithmenos.
   200 | D        | Found a white marble altar of Elyvilon.
   200 | D        | Found a blossoming altar of Fedhas.
   200 | D        | Found an opulent altar of Gozag.
   201 | D        | Found a hazy altar of Hepliaklqana.
   202 | D        | Found a viscous altar of Jiyva.
   203 | D        | Found an ancient bone altar of Kikubaaqudgha.
   204 | D        | Found a corrupted altar of Lugonu.
   205 | D        | Found a burning altar of Makhleb.
   206 | D        | Found a sparkling altar of Nemelex Xobeh.
   207 | D        | Found an iron altar of Okawaru.
   208 | D        | Found a stormy altar of Qazlal.
   209 | D        | Found a sacrificial altar of Ru.
   210 | D        | Found a deep blue altar of Sif Muna.
   211 | D        | Found a bloodstained altar of Trog.
   212 | D        | Found a hide-covered altar of Uskayaw.
   213 | D        | Found a radiant altar of Vehumet.
   214 | D        | Found an ornate altar of the Wu Jian Council.
   215 | D        | Found a shimmering altar of Xom.
   216 | D        | Found a basalt altar of Yredelemnul.
   217 | D        | Became a worshipper of Ru the Awakened
   218 | D        | Found a glowing silver altar of Zin.
   219 | D        | Found a glowing golden altar of the Shining One.
   231 | D        | Gained mutation: You cannot study or use magical devices. [Ru sacrifice]
   231 | D        | Reached * piety under Ru
   231 | D        | Reached ** piety under Ru
   277 | D        | Noticed a hippogriff
   277 | D        | Noticed an ice beast
   286 | D        | Killed an ice beast
   286 | D        | Reached skill level 4 in Staves
   286 | D        | Reached skill level 5 in Dodging
   286 | D        | Reached XP level 5. HP: 37/37 MP: 5/5
   298 | D        | Reached XP level 6. HP: 32/44 MP: 6/6
   300 | D        | Reached skill level 5 in Staves
   306 | D        | Killed a hippogriff
   306 | D        | Reached skill level 7 in Staves
   306 | D        | Reached skill level 5 in Armour
   306 | D        | Reached XP level 7. HP: 31/49 MP: 7/7
   425 | D        | Noticed a troll
   436 | D        | Reached skill level 8 in Staves
   442 | D        | Killed a troll
   442 | D        | Reached skill level 9 in Staves
   448 | D        | Reached XP level 8. HP: 31/56 MP: 8/8
   723 | D        | Noticed a hippogriff
   723 | D        | Noticed a komodo dragon
   723 | D        | Noticed a five-headed hydra
   732 | D        | Killed a five-headed hydra
   732 | D        | Reached skill level 10 in Fighting
   732 | D        | Reached skill level 10 in Staves
   737 | D        | Reached skill level 11 in Staves
   737 | D        | Reached XP level 9. HP: 24/63 MP: 9/9
   739 | D        | Noticed a komodo dragon
   761 | D        | Killed a komodo dragon
   771 | D        | Killed a komodo dragon
   771 | D        | Reached skill level 12 in Staves
  1022 | D        | Noticed a komodo dragon
  1022 | D        | Noticed a four-headed hydra
  1022 | D        | Noticed a death yak
  1023 | D        | Noticed a death yak
  1039 | D        | Killed a death yak
  1039 | D        | Reached skill level 10 in Armour
  1039 | D        | Reached XP level 10. HP: 54/71 MP: 10/10
  1047 | D        | Killed a four-headed hydra
  1047 | D        | Reached skill level 13 in Staves
  1058 | D        | Killed a death yak
  1075 | D        | Reached skill level 14 in Staves
  1092 | D        | Reached skill level 10 in Dodging
  1459 | D        | Noticed Josephine
  1487 | D        | Killed Josephine
  1487 | D        | Reached skill level 15 in Staves
  1487 | D        | Reached XP level 11. HP: 75/78 MP: 11/11
  1636 | D        | Gained mutation: You are somewhat inexperienced. (-2 XL) [Ru sacrifice]
  1636 | D        | Reached XP level 10. HP: 73/73 MP: 10/10
  1636 | D        | Reached XP level 9. HP: 68/68 MP: 9/9
  1636 | D        | Reached *** piety under Ru
  1636 | D        | Reached **** piety under Ru
  1753 | D        | Noticed an orc knight
  1777 | D        | Killed an orc knight
  1797 | D        | Reached XP level 10. HP: 68/74 MP: 10/10
  1830 | D        | Found Gul Vuk's General Store.
  1830 | D        | Noticed an orc knight
  1830 | D        | Noticed an orc high priest
  1830 | D        | Noticed an orc high priest
  1830 | D        | Noticed an orc high priest
  1830 | D        | Noticed an orc high priest
  1831 | D        | Noticed an orc high priest
  1838 | D        | Noticed an orc knight
  1848 | D        | Killed an orc high priest
  1856 | D        | Killed an orc high priest
  1856 | D        | Reached skill level 16 in Staves
  1864 | D        | Noticed a sun demon
  1875 | D        | Killed an orc high priest
  1876 | D        | Found Muagaav's Distillery.
  1878 | D        | Noticed an orc high priest
  1885 | D        | Killed an orc high priest
  1886 | D        | Noticed a soul eater
  1905 | D        | Killed an orc knight
  1906 | D        | Noticed an orc high priest
  1922 | D        | Noticed a rust devil
  1927 | D        | Noticed an orange demon
  1929 | D        | Killed an orc high priest
  1929 | D        | Reached XP level 11. HP: 31/80 MP: 11/11
  1943 | D        | Killed an orc knight
  1959 | D        | Killed from afar by an orc high priest

Skill      XL: |  1  2  3  4  5  6  7  8  9 10 |
---------------+-------------------------------+-----
Polearms       | 3 4 |  4.9
Stealth        | 3 5 |  5.7
Fighting       | 5 6 7 8 9 10 11 14 | 14.6
Dodging        | 4 5 6 7 8 9 11 | 11.6
Staves         | 4 7 9 11 12 16 | 16.9
Armour         | 3 5 7 8 10 13 | 13.5

Action                   |  1- 3 |  4- 6 |  7- 9 | 10-12 || total
-------------------------+-------+-------+-------+-------++-------
Melee: Spear             |    33 |     2 |       |       ||    35
       Quarterstaff      |       |    27 |   160 |   306 ||   493
Invok: Sacrifice Artific |       |     1 |       |       ||     1
       Reject Sacrifices |       |       |     1 |     1 ||     2
       Sacrifice Experie |       |       |     1 |       ||     1
       Draw Out Power    |       |       |       |     3 ||     3
  Use: Potion            |     2 |       |       |     1 ||     3
 Stab: Distracted        |       |       |       |     2 ||     2
  Eat: Chunk             |       |       |     1 |     2 ||     3
Armor: Robe              |     5 |       |       |       ||     5
       Ring mail         |       |     7 |    26 |    47 ||    80
Dodge: Dodged            |    34 |    13 |    50 |    80 ||   177
